 Dungeon Crawl Stone Soup version 0.24.0-28-g17ded55e90 (webtiles) character file.

Game seed: 10361189228510032685, levelgen mode: deterministic

21060 Johnny the Carver (level 12, -2/156 HPs)
             Began as a Troll Berserker on Nov 11, 2019.
             Was a High Priest of Trog.
             Slain by a vampire (14 damage)
             ... on level 14 of the Dungeon.
             The game lasted 00:15:44 (10455 turns).

Johnny the Carver (Troll Berserker)                Turns: 10455, Time: 00:15:45

Health: -2/156     AC:  6    Str: 42    XL:     12   Next: 50%
Magic:  11/11      EV: 18    Int:  1    God:    Trog [*****.]
Gold:   743        SH:  0    Dex: 19    Spells: 11/11 levels left

rFire    + . .     SeeInvis .   P - +4 rapier of Colayrho {pierce, rC++ MR- Int-2 Dex+10}
rCold    + + +     Gourm    +   (no shield)
rNeg     . . .     Faith    .   b - +0 animal skin
rPois    .         Spirit   .   (helmet restricted)
rElec    .         Reflect  .   h - scarf {rC+ rF+}
rCorr    .         Harm     .   (gloves unavailable)
MR       .....                  (boots unavailable)
Stlth    ..........             (no amulet)
HPRegen  0.76/turn              Q - +5 ring of strength
MPRegen  0.12/turn              w - +3 ring of slaying

@: berserking, very quick
A: large, unfitting armour, claws 3, fast metabolism 3, gourmand, regeneration
1, shaggy fur 1, tough skin 3
a: Berserk, Trog's Hand, Brothers in Arms, Renounce Religion


You were on level 14 of the Dungeon.
You worshipped Trog.
Trog was extremely pleased with you.
You were full.

You visited 1 branch of the dungeon, and saw 14 of its levels.

You collected 743 gold pieces.

Inventory:

Hand Weapons
 a - a +2 scimitar of flaming
 H - a +4 scimitar
 K - a +6 great sword of holy wrath
 P - the +4 rapier of Colayrho (weapon) {pierce, rC++ MR- Int-2 Dex+10}
   (You found it on level 14 of the Dungeon)

   It inflicts extra damage upon your enemies.
   It affects your intelligence (-2).
   It affects your dexterity (+10).
   It greatly protects you from cold.
   It affects your resistance to hostile enchantments.
Armour
 b - a +0 animal skin (worn)
 h - a scarf of resistance (worn)
Jewellery
 e - an uncursed ring of protection from fire
 o - an uncursed ring of positive energy
 w - a +3 ring of slaying (right claw)
 I - an uncursed ring of protection from cold
 Q - a +5 ring of strength (left claw)
Wands
 A - a wand of flame (22)
 D - a wand of iceblast (4)
 J - a wand of acid (9)
Scrolls
 j - a scroll of magic mapping
 k - 4 scrolls of enchant armour
 l - 5 scrolls of teleportation {unknown}
 m - 2 scrolls of fog {unknown}
 n - 5 scrolls of remove curse
 q - 3 scrolls of immolation {unknown}
 s - 2 scrolls of random uselessness {unknown}
 t - 3 scrolls of amnesia {unknown}
 u - 3 scrolls of blinking {unknown}
 v - a scroll of fear {unknown}
 x - 2 scrolls of holy word {unknown}
 y - a scroll of torment {unknown}
 B - 2 scrolls of noise {unknown}
 G - a scroll of acquirement {unknown}
 L - 3 scrolls of enchant weapon {unknown}
Potions
 d - a potion of haste
 f - 2 potions of resistance
 g - 4 potions of might
 i - 7 potions of flight
 p - 5 potions of lignification
 r - 2 potions of curing
 z - a potion of ambrosia {unknown}
 C - a potion of agility {unknown}
 E - a potion of invisibility {unknown}
 F - 3 potions of degeneration {unknown}
Comestibles
 c - 23 rations


   Skills:
 - Level 2.4 Fighting
 * Level 14.1 Long Blades
 + Level 10.5 Dodging


You had 11 spell levels left.
You didn't know any spells.
Your spell library contained the following spells:

 Spells                   Type           Power        Failure   Level  Hunger
 Beastly Appendage        Tmut           #.....       56%         1    ##.....
 Flame Tongue             Conj/Fire      #....        56%         1    ##.....
 Summon Small Mammal      Summ           #...         56%         1    ##.....
 Call Imp                 Summ           #.......     71%         2    ###....
 Poisonous Vapours        Pois/Air       #.....       71%         2    ###....
 Sticks to Snakes         Tmut           #.......     71%         2    ###....
 Throw Flame              Conj/Fire      #.....       71%         2    ###....
 Call Canine Familiar     Summ           #.......     91%         3    ####...
 Conjure Flame            Conj/Fire      #.......     91%         3    ####...
 Inner Flame              Hex/Fire       #.......     91%         3    ####...
 Mephitic Cloud           Conj/Pois/Air  #.......     91%         3    ####...
 Spider Form              Tmut/Pois      #.........   91%         3    ####...
 Summon Guardian Golem    Hex/Summ       #.......     91%         3    ####...
 Ice Form                 Ice/Tmut       #.......     100%        4    #####..
 Sticky Flame             Conj/Fire      #.......     100%        4    #####..
 Summon Ice Beast         Ice/Summ       #.......     100%        4    #####..
 Summon Lightning Spire   Summ/Air       #.......     100%        4    #####..
 Blade Hands              Tmut           #.........   100%        5    ######.
 Fireball                 Conj/Fire      #.........   100%        5    ######.
 Freezing Cloud           Conj/Ice/Air   #.........   100%        6    #######
 Ring of Flames           Chrm/Fire      #.........   100%        7    #######


Dungeon Overview and Level Annotations

Branches:
Dungeon (14/15)            Temple (0/1) D:7            Lair (0/6) D:11
    Orc (0/2) D:10         Vaults (0/5) D:14

Altars:
Ashenzari
Dithmenos
Fedhas
Gozag
Kikubaaqudgha
Okawaru
Sif Muna
Trog
Uskayaw
Vehumet
Wu Jian
Zin
The Shining One

Shops:
D:7 }

Annotations:
D:6 2 transporters
D:13 Frances


Innate Abilities, Weirdness & Mutations

You are too large for most types of armour.
You have claws for hands.
Your metabolism is lightning-fast.
You like to eat raw meat.
Your natural rate of healing is unusually fast.
You are covered in fur. (AC +1)
You have extremely tough skin. (AC +3)


Message History

Something bites you!
* * * LOW HITPOINT WARNING * * *
Something draws strength from your injuries!
You closely miss something. Something hits you but does no damage.
Something bites you.
* * * LOW HITPOINT WARNING * * *
Something draws strength from your injuries!
You closely miss something.
Unknown command.
A red film seems to cover your vision as you go berserk!
You feel yourself moving faster!
You feel mighty! Something hits you!
* * * LOW HITPOINT WARNING * * *
Something bites you but does no damage.
You puncture something! Something hits you!
* * * LOW HITPOINT WARNING * * *
Something bites you.
* * * LOW HITPOINT WARNING * * *
Something draws strength from your injuries!
You hit something. Something hits you!
You die...

#......' #......# .
#......#
..###############.......
.......?..........######
..................# #
..................# #
....^..††.........# #
......(@(....(....# #
.......{#####.....# #
...<....# #.....# #
........+ #.....# #
........# #.....# #
........# #.....######
..####### #...........
.. #...........
#...........


There were no monsters in sight!

Vanquished Creatures
  Azrael (D:13)
  A vault guard (D:14)
  A centaur warrior (D:14)
  A hydra (D:14)
  A two-headed ogre (D:8)
  An unseen horror (D:12)
  A wizard (D:14)
  An oklob plant (D:11)
  4 ugly things
  A deep elf mage (D:14)
  A manticore (D:14)
  A cyclops (D:14)
  Maurice (D:8)
  The ghost of Caminho the Charmwright, a novice GnSk (D:6)
  A kobold demonologist (D:11)
  A troll (D:9)
  A slime creature (D:8)
  3 hippogriffs
  A shadow (D:13)
  9 yaks
  A human (D:8)
  4 hogs (D:8)
  A fire elemental (D:13)
  2 basilisks
  Grum (D:9)
  2 hungry ghosts (D:11)
  An acid dragon (D:14)
  2 hell hounds (D:13)
  Duvessa (D:4)
  4 sky beasts
  2 ice beasts
  5 phantoms
  An eye of draining (D:11)
  6 orc warriors
  2 ogres
  4 centaurs
  2 wolves (D:9)
  2 crocodiles
  3 big kobolds
  5 bullfrogs
  4 scorpions
  Dowan (D:4)
  14 killer bees
  15 wights
  5 howler monkeys
  5 crimson imps
  2 centaur zombies (D:12)
  2 quasits (D:7)
  8 hounds
  5 jellies
  6 orc priests
  2 bullfrog skeletons
  A centaur skeleton (D:6)
  2 orc wizards
  4 iguanas
  12 worker ants
  A hound skeleton (D:7)
  A howler monkey zombie (D:7)
  4 gnolls (D:2)
  16 adders
  A howler monkey skeleton (D:5)
  3 shadow imps
  An ooze (D:2)
  An adder skeleton (D:8)
  2 worms
  3 dart slugs
  5 leopard geckos
  36 orcs
  8 bats
  6 giant cockroaches
  10 hobgoblins
  12 jackals
  15 kobolds
  3 quokkas
  9 frilled lizards
  9 goblins
  A jackal zombie (D:6)
  12 rats
  2 plants
333 creatures vanquished.

Vanquished Creatures (collateral kills)
  7 ugly things (D:14)
  4 fire elementals (D:13)
  A worker ant (D:14)
12 creatures vanquished.

Vanquished Creatures (others)
  A hell hound (D:13)
1 creature vanquished.

Grand Total: 346 creatures vanquished

Notes
Turn   | Place    | Note
-------+----------+-------------------------------------------
     0 | D:1      | Johnny the Troll Berserker began the quest for the Orb.
     0 | D:1      | Reached XP level 1. HP: 22/22 MP: 0/0
    50 | D:1      | Reached XP level 2. HP: 29/29 MP: 1/1
   140 | D:1      | Reached skill level 3 in Long Blades
   318 | D:1      | Reached XP level 3. HP: 36/36 MP: 2/2
   319 | D:1      | Reached ** piety under Trog
   630 | D:2      | Reached XP level 4. HP: 40/44 MP: 3/3
   849 | D:2      | Reached skill level 4 in Long Blades
   987 | D:2      | Found a blossoming altar of Fedhas.
  1116 | D:2      | Reached XP level 5. HP: 50/50 MP: 4/4
  1291 | D:2      | Found a shimmering blue altar of Sif Muna.
  1388 | D:3      | Found a faded altar of an unknown god.
  1656 | D:3      | Noticed a centaur
  1665 | D:3      | Killed a centaur
  1665 | D:3      | Reached *** piety under Trog
  1861 | D:3      | Found a glowing golden altar of the Shining One.
  1919 | D:3      | Found a shattered altar of Ashenzari.
  1919 | D:3      | Found a shadowy altar of Dithmenos.
  2264 | D:4      | Reached XP level 6. HP: 59/59 MP: 5/5
  2457 | D:4      | Reached skill level 5 in Long Blades
  2537 | D:4      | Noticed Dowan
  2539 | D:4      | Noticed Duvessa
  2541 | D:4      | Killed Dowan
  2551 | D:4      | Killed Duvessa
  2631 | D:4      | Reached XP level 7. HP: 65/66 MP: 6/6
  2846 | D:5      | Entered Level 5 of the Dungeon
  3052 | D:5      | Reached skill level 6 in Long Blades
  3822 | D:6      | Found a transporter.
  3847 | D:6      | Reached skill level 5 in Dodging
  3847 | D:6      | Reached XP level 8. HP: 74/74 MP: 7/7
  3974 | D:6      | Reached **** piety under Trog
  3974 | D:6      | Reached skill level 7 in Long Blades
  4163 | D:6      | Found a transporter.
  4217 | D:6      | Found a runed translucent door.
  4217 | D:6      | Noticed Caminho's ghost (novice GnSk)
  4229 | D:6      | Killed Caminho's ghost
  4334 | D:7      | Reached skill level 8 in Long Blades
  4487 | D:7      | Reached XP level 9. HP: 47/80 MP: 8/8
  4698 | D:7      | Found an iron altar of Okawaru.
  4742 | D:7      | Found a staircase to the Ecumenical Temple.
  5038 | D:7      | Noticed a moth of wrath
  5040 | D:7      | Found a bloodstained altar of Trog.
  5106 | D:7      | Found Hoystraal's Gadget Boutique.
  5388 | D:8      | Found a radiant altar of Vehumet.
  5393 | D:8      | Noticed Maurice
  5397 | D:8      | Paralysed by Maurice for 4 turns
  5410 | D:8      | Killed Maurice
  5410 | D:8      | Reached skill level 9 in Long Blades
  5464 | D:8      | Reached ***** piety under Trog
  5503 | D:8      | Noticed a two-headed ogre
  5513 | D:8      | Killed a two-headed ogre
  5513 | D:8      | Reached skill level 10 in Long Blades
  5623 | D:8      | Reached XP level 10. HP: 79/88 MP: 9/9
  5887 | D:8      | Found an ancient bone altar of Kikubaaqudgha.
  6147 | D:8      | Found a glowing silver altar of Zin.
  6148 | D:8      | Found an opulent altar of Gozag.
  6342 | D:8      | Reached skill level 11 in Long Blades
  6395 | D:9      | Received a gift from Trog
  6680 | D:9      | Found a hide-covered altar of Uskayaw.
  6857 | D:9      | Found an ornate altar of the Wu Jian Council.
  6861 | D:9      | Noticed Grum
  6877 | D:9      | Killed Grum
  6967 | D:10     | Entered Level 10 of the Dungeon
  7103 | D:10     | Found a staircase to the Orcish Mines.
  7705 | D:11     | Reached XP level 11. HP: 78/94 MP: 10/10
  7816 | D:11     | Found a staircase to the Lair.
  7819 | D:11     | Noticed an oklob plant
  7836 | D:11     | Killed an oklob plant
  7836 | D:11     | Reached skill level 12 in Long Blades
  8367 | D:11     | Noticed a purple ugly thing
  8378 | D:11     | Killed a purple ugly thing
  8768 | D:12     | You fall into a shaft and drop 2 floors!
  8772 | D:14     | Noticed a wizard
  8772 | D:14     | Noticed a red ugly thing
  8772 | D:14     | Noticed a red ugly thing
  8772 | D:14     | Noticed a red ugly thing
  8772 | D:14     | Noticed a red ugly thing
  8785 | D:14     | Killed a wizard
  8790 | D:14     | Killed a red ugly thing
  8791 | D:14     | Killed a red ugly thing
  8794 | D:14     | Killed a red ugly thing
  8795 | D:14     | Killed a brown ugly thing
  8845 | D:14     | Noticed a centaur warrior
  8876 | D:14     | Killed a centaur warrior
  9022 | D:14     | Reached skill level 13 in Long Blades
  9080 | D:14     | Noticed a deep elf mage
  9091 | D:14     | Killed a deep elf mage
  9126 | D:13     | Noticed Frances
  9192 | D:12     | Killed an unseen horror
  9326 | D:12     | You fall into a shaft and drop 1 floor!
  9332 | D:13     | Noticed a white ugly thing
  9350 | D:13     | Killed a white ugly thing
  9357 | D:13     | Reached XP level 12. HP: 62/104 MP: 11/11
  9451 | D:13     | Noticed Azrael
  9465 | D:13     | Killed Azrael
  9465 | D:13     | Reached skill level 10 in Dodging
  9832 | D:12     | You fall into a shaft and drop 2 floors!
  9870 | D:14     | Got a transparent rapier
  9874 | D:14     | Identified the +4 rapier of Colayrho {pierce, rC++ MR-
                  | Int-2 Dex+10} (You found it on level 14 of the Dungeon)
 10014 | D:14     | Noticed a vault guard
 10021 | D:14     | Killed a vault guard
 10021 | D:14     | Reached skill level 14 in Long Blades
 10107 | D:14     | Found a gate to the Vaults.
 10236 | D:14     | Noticed an eight-headed hydra
 10242 | D:14     | Killed an eight-headed hydra
 10455 | D:14     | Slain by a vampire

Levels and vault maps discovered:
D:1:      mrwooster_arrival_arrow, layout_rooms
D:2:      layout_basic, lemuel_coloured_pillars_altar,
          nicolae_overflow_crystal_walls, minmay_lizard_pond
D:3:      layout_loops_cross, gammafunk_temple_overflow_elements,
          chequers_ecumenical_altar_island, tso_metal_star
D:4:      layout_gridville, uniq_duvessa
D:5:      wad_lake_hut, layout_loops_ring, first_ration
D:6:      gammafunk_steamed_eel, layout_basic, gammafunk_ghost_grave
D:7:      layout_layer_cave, okawaru_metal_pillars_1_2, temple_pool_b,
          serial_shops, nicolae_shop_statue_plus, serial_bayou_lagoon_a,
          grunt_decor_mini_mirrors, tgw_trog
D:8:      hangedman_cross_stitches, layout_loops_ring,
          grunt_temple_overflow_gold_and_silver, kiku_gazebo_pond_becter,
          vehumet_altar_wand_db, grunt_livestock, uniq_maurice
D:9:      layout_basic, overflow_temple_1_default, lemuel_crystal_altar,
          uniq_grum
D:10:     layout_loops_ring, david_orc_3
D:11:     layout_irregular_city, dpeg_oklobed_lair, serial_column_ruins,
          column_ruins_open_large, column_ruins_grid_3,
          column_ruins_columns_corner, column_ruins_open_small,
          column_ruins_open_small, column_ruins_grid_4, grunt_ministairs_7
D:12:     layout_irregular_city, serial_glass, glass_columns_b, glass_columns_c,
          nicolae_trove_entry_crossroad
D:13:     minmay_opposing_rooms, layout_irregular_city, uniq_frances,
          uniq_josephine, uniq_jorgrun, uniq_snorg, uniq_azrael
D:14:     layout_gridville, david_vaults_5

Skill      XL: |  1  2  3  4  5  6  7  8  9 10 11 12 |
---------------+-------------------------------------+-----
Long Blades    | 3 4 5 6 8 10 11 13 14 | 14.1
Dodging        | 3 4 5 6 7 8 9 10 | 10.5
Fighting       | |  2.4

Action                   |  1- 3 |  4- 6 |  7- 9 | 10-12 || total
-------------------------+-------+-------+-------+-------++-------
Melee: Falchion          |   120 |   192 |       |       ||   312
       Short sword       |       |    13 |   160 |       ||   173
       Rapier            |       |       |   164 |   139 ||   303
       Scimitar          |       |       |       |   355 ||   355
       Great sword       |       |       |       |    16 ||    16
Invok: Berserk           |     2 |     4 |     7 |    23 ||    36
       Trog's Hand       |     1 |     1 |       |     1 ||     3
       Brothers in Arms  |       |       |       |     3 ||     3
Evoke: Wand              |       |     7 |     4 |    17 ||    28
  Use: Scroll            |     1 |     6 |     2 |     4 ||    13
       Potion            |       |       |       |     3 ||     3
 Stab: Sleeping          |     1 |       |       |       ||     1
       Paralysed         |       |       |     3 |     5 ||     8
       Distracted        |       |       |       |     1 ||     1
  Eat: Chunk             |    11 |    25 |    35 |    72 ||   143
Armor: Animal skin       |    57 |    67 |   118 |   107 ||   349
Dodge: Dodged            |    97 |   134 |   182 |   314 ||   727
       Rpst.: Falchion   |    30 |    47 |       |       ||    77
       Scimitar          |       |       |       |    68 ||    68
       Great sword       |       |       |       |     4 ||     4
